 Dungeon Crawl Stone Soup version 0.30-a0-358-g0d69a1922f (webtiles) character file.

Game seed: 18089147604354060494

200 ez404 the Chopper (level 5, -2/47 HPs)
             Began as a Minotaur Berserker on Nov 10, 2022.
             Was a Believer of Trog.
             Slain by an iguana (11 damage)
             ... on level 5 of the Dungeon.
             The game lasted 00:23:56 (3965 turns).

ez404 the Chopper (Minotaur Berserker)              Turns: 3965, Time: 00:23:57

Health: -2/47      AC: 10    Str: 23    XL:     5   Next: 48%
Magic:  4/4        EV:  9    Int:  4    God:    Trog [**....]
Gold:   223        SH:  0    Dex: 10    Spells: 4/4 levels left

rFire   . . .      SeeInvis .    w - +2 flail (vorpal)
rCold   . . .      Faith    .    (no shield)
rNeg    . . .      Spirit   .    k - +1 chain mail
rPois   .          Reflect  .    (helmet restricted)
rElec   .          Harm     .    (no cloak)
rCorr   .          Rampage  .    (no gloves)
Will    .....                    (no boots)
Stlth   ..........               (no amulet)
HPRegen 0.27/turn                (no ring)
MPRegen 0.09/turn                (no ring)

@: flying
A: horns 2, retaliatory headbutt
a: Renounce Religion, Berserk, Trog's Hand


You were on level 5 of the Dungeon.
You worshipped Trog.
Trog was pleased with you.
You visited 2 branches of the dungeon, and saw 6 of its levels.

You collected 223 gold pieces.

Inventory:

Hand Weapons
 a - a +1 hand axe
 e - a +0 short sword
 h - a +0 short sword
 v - a +3 morningstar of venom
 w - a +2 vorpal flail (weapon)
Missiles
 g - 6 curare-tipped darts (quivered)
 o - 20 stones
Armour
 b - a +0 animal skin
 i - a +0 ring mail
 j - a +0 pair of gloves
 k - a +1 chain mail (worn)
Jewellery
 m - the ring of Disaster {+Blink Will+}
   (You found it on level 2 of the Dungeon)

   [ring of willpower]

   +Blink:    It lets you blink.
   Will:      It increases your willpower.
 n - an amulet of guardian spirit
Scrolls
 f - a scroll of enchant armour
 l - 2 scrolls of immolation
 p - a scroll of identify
 q - a scroll of summoning {unknown}
 u - a scroll of poison {unknown}
Potions
 c - a potion of brilliance
 d - a potion of lignification {unknown}
 r - a potion of flight
 t - 2 potions of haste {unknown}


   Skills:
 + Level 4.7 Fighting
 + Level 5.6 Axes
 + Level 0.2(3.4) Maces & Flails
 + Level 0.1 Throwing
 + Level 3.7 Armour
 + Level 3.0 Dodging
 + Level 0.4 Stealth


You had 4 spell levels left.
You didn't know any spells.
Your spell library contained the following spells:

 Spells                   Type           Power      Damage    Failure   Level
 Ensorcelled Hibernation  Hex/Ice        0%         N/A       100%        2
 Passwall                 Tmut/Erth      0%         N/A       100%        2
 Swiftness                Air            0%         N/A       100%        3


Dungeon Overview and Level Annotations

Branches:
Dungeon (5/15)             Temple (1/1) D:4

Altars:
Ashenzari
Dithmenos
Elyvilon
Fedhas
Gozag
Kikubaaqudgha
Nemelex Xobeh
Qazlal
Ru
Sif Muna
Trog
Xom
Yredelemnul
Zin
The Shining One

Shops:
D:4 (=*


Innate Abilities, Weirdness & Mutations

You have a pair of horns on your head.
You reflexively headbutt those who attack you in melee.


Message History

You furiously retaliate!
You headbutt the hound! The hound bites you but does no damage.
The iguana bites you.
You sock the hound!
You kill the hound!
Trog accepts your kill.
The iguana bites you but does no damage.
The iguana bites you but does no damage.
You see here a hound corpse.
The iguana bites you.
Found a scale mail.
Your body is wracked with pain!
The iguana convulses!
The iguana bites you.
You hit the iguana.
You headbutt the iguana, but do no damage.
The iguana is severely wounded.
The iguana closely misses you. You furiously retaliate!
You headbutt the iguana.
An iguana is nearby!
A lurking horror comes into view.
You hit the iguana but do no damage. Your headbutt misses the iguana.
The iguana is almost dead.
The iguana barely misses you.
You barely miss the iguana.
The iguana is almost dead.
The iguana barely misses you. The iguana bites you!
* * * LOW HITPOINT WARNING * * *
You barely miss the iguana. Your headbutt misses the iguana.
The iguana is almost dead.
The iguana bites you!
* * * LOW HITPOINT WARNING * * *
There are monsters nearby!
There are monsters nearby!
It was a potion of flight.
You feel very buoyant.
You fly up into the air.
The iguana barely misses you.
It was a potion of curing.
You feel better. The iguana bites you!
* * * LOW HITPOINT WARNING * * *
You feel better.
Your body is wracked with pain!
* * * LOW HITPOINT WARNING * * *
The iguana bites you!
You die...

##..#...#...#....>##....
#......##.....†........
.....#.§###.............
####.##.§§§.§............
.. #.§§§..............
..§.....?..........
..§§...............
)........l.........
...$....#@.........
...#...#....#....
..#.[.#.....#### .##..#
##.## #.# .# #.. .# ...
..


You could see an iguana.

Vanquished Creatures
  2 hounds (D:5)
  A jelly (D:5)
  Jessica (D:3)
  2 adders
  4 dart slugs
  A worm (D:2)
  4 orcs (D:4)
  2 endoplasms
  2 goblins
  9 hobgoblins
  5 kobolds
  4 quokkas
  6 ball pythons
  5 bats
  A frilled lizard (D:3)
  A rat (D:1)
50 creatures vanquished.

Vanquished Creatures (others)
  2 lurking horrors (D:5)
2 creatures vanquished.

Grand Total: 52 creatures vanquished

Notes
Turn   | Place    | Note
-------+----------+-------------------------------------------
     0 | D:1      | ez404 the Minotaur Berserker began the quest for the Orb.
     0 | D:1      | Reached XP level 1. HP: 19/19 MP: 0/0
   263 | D:1      | Reached XP level 2. HP: 25/27 MP: 1/1
   603 | D:1      | Reached skill level 4 in Axes
  1217 | D:2      | Reached XP level 3. HP: 33/33 MP: 2/2
  1658 | D:2      | Identified the ring of Disaster {+Blink Will+}
  1913 | D:3      | Found a sacrificial altar of Ru.
  1969 | D:3      | Noticed Jessica
  1976 | D:3      | Killed Jessica
  1977 | D:3      | Reached XP level 4. HP: 41/41 MP: 3/3
  2018 | D:3      | Found a shimmering altar of Xom.
  2069 | D:3      | Reached ** piety under Trog
  2778 | D:4      | Found Woidghac's Jewellery Shoppe.
  2849 | D:4      | Found Orphugiuk's General Store.
  3291 | D:4      | Found a bloodstained altar of Trog.
  3428 | D:4      | Reached skill level 5 in Axes
  3461 | D:4      | Found Amitamu's Antique Weapon Shop.
  3479 | D:4      | Found a staircase to the Ecumenical Temple.
  3490 | Temple   | Entered the Ecumenical Temple
  3863 | D:5      | Entered Level 5 of the Dungeon
  3869 | D:5      | Reached XP level 5. HP: 47/47 MP: 4/4
  3910 | D:5      | Found a shadowy altar of Dithmenos.
  3965 | D:5      | Slain by an iguana

Illustrated notes

Levels and vault maps discovered:
D:1:      minmay_arrival_doors, layout_loops_corners, minmay_hexomino_p4
D:2:      layout_loops_corners, hangedman_glass_teeth
D:3:      layout_loops_ring, mainiacjoe_overflow_cross_hatched,
          nicolae_ru_awakened_eye, minmay_checkerbox, uniq_jessica
D:4:      layout_loops_cross, mainiacjoe_overflow_surrounded_room,
          minmay_temple_entry_poolview, serial_shops,
          nicolae_inconvenience_store, shop, kennysheep_little_box
D:5:      layout_rooms, lemuel_coloured_pillars_altar, grunt_dithmenos_smoke,
          nicolae_uskayaw_en_pointe, serial_shops,
          nicolae_shop_temple_entry_statues_fountains, minmay_misc_feat_alley,
          amcnicky_altar_lugonu_corruption
Temple:   minmay_temple_curvy_loop

Skill      XL: |  1  2  3  4  5 |
---------------+----------------+-----
Fighting       | 4 |  4.7
Axes           | 4 5 |  5.6
Armour         | 3 |  3.7
Dodging        | 3 |  3.0
Maces & Flails | |  0.2
Throwing       | |  0.1
Stealth        | |  0.4

Action                   |  1- 3 |  4- 6 || total
-------------------------+-------+-------++-------
Melee: Hand axe          |    46 |    37 ||    83
       Headbutt          |     6 |     4 ||    10
       Flail             |       |    12 ||    12
Throw: Dart              |       |     3 ||     3
  Use: Scroll            |     4 |       ||     4
       Potion            |       |     3 ||     3
Armor: Chain mail        |    21 |    55 ||    76
       Ring mail         |     1 |       ||     1
Dodge: Dodged            |    23 |    30 ||    53

Table legend: (Time is in decaauts)
 A = Elapsed time spent in this place.
 B = Non-inter-level travel time spent in this place.
 C = Inter-level travel time spent in this place.
 D = Time resting spent in this place.
 E = Time spent auto-exploring this place.
 F = Levels seen in this place.
 G = Mean time per level.
                   A        B        C        D        E       F      G
               +--------+--------+--------+--------+--------+-----+--------+
         Total |   3973 |   3866 |    107 |     42 |   1718 |   6 |  662.2 |
       Dungeon |   3813 |   3706 |    107 |     42 |   1718 |   5 |  762.6 |
        Temple |    159 |    159 |      0 |      0 |      0 |   1 |  159.0 |
               +--------+--------+--------+--------+--------+-----+--------+

Top non-repeatable levels by time:
     D:2: 1210 daAuts
     D:4: 926 daAuts
     D:3: 878 daAuts
     D:1: 694 daAuts
  Temple: 159 daAuts
     D:5: 104 daAuts
